cohdb
Replays
Latest Replays
All Replays
Popular Replays
Top Player Replays
Match Explorer
How It Works
Community
CoH3 Stats
Reddit
Sign in to upload your games and track your stats! →
Sign in with Steam
Match 41885332
Unlisted
Match 41885332
Overview
Messages
Build Orders
End
Kettenkrad Recon Vehicle
Construct Infanterie Kompanie
Selects Terror Battlegroup
Selects Machine Gun Camouflage
MG 42 Machine Gun Team
MG 42 Machine Gun Team
GrW 34 Mortar Team
Construct Luftwaffe Kompanie
Jäger Squad
221 Scout Car
Medical Station
Jäger Squad
Jäger Squad
Support Elements
Selects Contempt for the Weak
Selects Contempt for the Weak
Selects Jericho Trumpet
Wirbelwind Flakpanzer
Wirbelwind Flakpanzer
Selects V1 Rocket Strike
Selects V1 Rocket Strike
V1 Rocket Strike
Side Skirts
Jericho Trumpet
Wirbelwind Flakpanzer
Pioneer Squad
Selects Defend the Fatherland
Wirbelwind Flakpanzer
V1 Rocket Strike
rmsi
엽하
NotQuiteAKing
Einherjer
0
0
Comments
sign in to comment!
No comments posted yet!